XFBL
SAN FRANCISCO GIANTS @ PHILADELPHIA PHILLIES
05/15/1982
 
TOP OF THE 1ST
San Francisco Giants batting - Pitching for Philadelphia Phillies : LHP Jon Matlack
Pitching: LHP Jon Matlack
Batting: LHB Ken Griffey Sr 0-0: Swinging Strike
0-1: Ground out 4-3 (Groundball, 4M, EV 85.6 MPH)
Batting: LHB Kevin Christensen 0-0: Ball
1-0: Ground out 4-3 (Groundball, 34, EV 104.4 MPH)
Batting: LHB Keith Hernandez 0-0: Called Strike
0-1: Called Strike
0-2: Foul Ball, location: 2F
0-2: Fly out, F7 (Flyball, 7LM, EV 105.6 MPH)
Top of the 1st over - 0 runs, 0 hits, 0 errors, 0 left on base; San Francisco 0 - Philadelphia 0
BOTTOM OF THE 1ST
Philadelphia Phillies batting - Pitching for San Francisco Giants : RHP Ronnie Sims
Pitching: RHP Ronnie Sims
Batting: RHB Andy Ramirez 0-0: Ball
1-0: Swinging Strike
1-1: DOUBLE (Line Drive, 9LM, EV 105.6 MPH)
Batting: LHB Lou Whitaker 0-0: Called Strike
0-1: Ball
1-1: Ball
2-1: Fly out, F8 (Flyball, 8LS, EV 70.6 MPH)
Batting: RHB Paul Molitor 0-0: Swinging Strike
0-1: Ball
1-1: Ball
2-1: Ball
3-1: Base on Balls
Batting: LHB Ken Phelps 0-0: Ball
1-0: Called Strike
1-1: Foul Ball, location: 2F
1-2: Foul Ball, location: 2F
1-2: Ball
2-2: Ball
3-2: SINGLE (Groundball, 6MD, EV 104.4 MPH)
Andy Ramirez to third
Paul Molitor to second
Runner from 3rd tries for Home, SAFE, throw by CF to home
Batting: RHB Candy Maldonado 0-0: Called Strike
Paul Molitor steals 3rd base
0-1: DOUBLE (Flyball, 89XD, EV 110.6 MPH)
Paul Molitor scores
Ken Phelps to third
Runner from 3rd tries for Home, SAFE, throw by CF to trailing runner, SAFE at third!
Batting: RHB Andre Dawson 0-0: Called Strike
0-1: Called Strike
0-2: Ball
1-2: Foul Ball, location: 2F
1-2: Foul Ball, location: 2F
1-2: Ball
2-2: Strikes out swinging
Batting: RHB Jody Davis 0-0: Ball
1-0: Swinging Strike
1-1: Foul Ball, location: 2F
1-2: Ball
2-2: Foul Ball, location: 2F
2-2: Reached on error, E5 (Groundball, 5L, EV 80.6 MPH)
Candy Maldonado scores
Batting: LHB Rick Lancellotti 0-0: Called Strike
0-1: Fly out, F9 (Flyball, 9D, EV 95.6 MPH)
Bottom of the 1st over - 4 runs, 3 hits, 1 error, 1 left on base; San Francisco 0 - Philadelphia 4
TOP OF THE 2ND
San Francisco Giants batting - Pitching for Philadelphia Phillies : LHP Jon Matlack
Batting: RHB Phil Bailey 0-0: Ball
1-0: Fly out, F2 (Popup, 25F, EV 88.8 MPH)
Batting: RHB Don Slaught 0-0: Ball
1-0: SINGLE (Groundball, 6MD, EV 78.1 MPH) (infield hit)
Batting: RHB Kevin Howard Pickoff Throw to First - Out! 1-3
0-0: Ball
1-0: Foul Ball, location: 2F
1-1: Called Strike
1-2: Ball
2-2: Strikes out swinging
Top of the 2nd over - 0 runs, 1 hit, 0 errors, 0 left on base; San Francisco 0 - Philadelphia 4
BOTTOM OF THE 2ND
Philadelphia Phillies batting - Pitching for San Francisco Giants : RHP Ronnie Sims
Batting: LHB Jon Matlack 0-0: Ball
1-0: Ball
2-0: Called Strike
2-1: Ball
3-1: Base on Balls
Batting: RHB Andy Ramirez 0-0: SINGLE (Flyball, 78M, EV 87.5 MPH)
Jon Matlack to second
Batting: LHB Lou Whitaker 0-0: Called Strike
0-1: Foul Ball, location: 2F
0-2: Strikes out swinging
Batting: RHB Paul Molitor 0-0: Called Strike
0-1: SINGLE (Line Drive, 89S, EV 94.4 MPH)
Jon Matlack to third
Andy Ramirez to second
Runner from 3rd tries for Home, SAFE, throw by RF to home
Batting: LHB Ken Phelps 0-0: Ball
1-0: Foul Ball, location: 2F
1-1: Grounds into double play, 4-6-3 (Groundball, 4, EV 102.5 MPH)
Bottom of the 2nd over - 1 run, 2 hits, 0 errors, 1 left on base; San Francisco 0 - Philadelphia 5
TOP OF THE 3RD
San Francisco Giants batting - Pitching for Philadelphia Phillies : LHP Jon Matlack
Batting: SHB Tyler O'Dell 0-0: Ground out 4-3 (Groundball, 4, EV 103.1 MPH)
Batting: RHB Dickie Thon 0-0: Swinging Strike
0-1: SINGLE (Line Drive, 8LS, EV 93.1 MPH)
Batting: RHB Ronnie Sims 0-0: Called Strike
0-1: Bunted foul
0-2: Bunted foul, Strikeout!
Batting: LHB Ken Griffey Sr 0-0: Fielders Choice at 2nd, U6 (Groundball, 6M, EV 75.6 MPH)
Top of the 3rd over - 0 runs, 1 hit, 0 errors, 1 left on base; San Francisco 0 - Philadelphia 5
BOTTOM OF THE 3RD
Philadelphia Phillies batting - Pitching for San Francisco Giants : RHP Ronnie Sims
Batting: RHB Candy Maldonado 0-0: Ball
1-0: Called Strike
1-1: Fly out, F9 (Flyball, 9D, EV 109.4 MPH)
Batting: RHB Andre Dawson 0-0: Ball
1-0: Called Strike
1-1: Ground out 5-3 (Groundball, 56S, EV 64.4 MPH)
Batting: RHB Jody Davis 0-0: Ball
1-0: Ground out 6-3 (Groundball, 56, EV 88.1 MPH)
Bottom of the 3rd over - 0 runs, 0 hits, 0 errors, 0 left on base; San Francisco 0 - Philadelphia 5
TOP OF THE 4TH
San Francisco Giants batting - Pitching for Philadelphia Phillies : LHP Jon Matlack
Batting: LHB Kevin Christensen 0-0: Swinging Strike
0-1: Fly out, F7 (Flyball, 78S, EV 91.3 MPH)
Batting: LHB Keith Hernandez 0-0: SINGLE (Line Drive, 5D, EV 95.0 MPH)
Batting: RHB Phil Bailey 0-0: Ball
1-0: Fly out, F3 (Line Drive, 3, EV 73.1 MPH)
Batting: RHB Don Slaught 0-0: Ball
1-0: DOUBLE (Line Drive, 78M, EV 96.9 MPH)
Keith Hernandez to third
Runner from 3rd tries for Home, SAFE, throw by CF to home
Batting: RHB Kevin Howard 0-0: Ball
1-0: Swinging Strike
1-1: SINGLE (Groundball, 56, EV 96.3 MPH)
Don Slaught to third
Runner from 3rd tries for Home, SAFE, throw by LF to home
Batting: SHB Tyler O'Dell 0-0: Ball
1-0: Ball
2-0: Called Strike
2-1: Ball
3-1: Called Strike
3-2: Ground out 6-3 (Groundball, 6, EV 83.8 MPH)
Top of the 4th over - 2 runs, 3 hits, 0 errors, 1 left on base; San Francisco 2 - Philadelphia 5
BOTTOM OF THE 4TH
Philadelphia Phillies batting - Pitching for San Francisco Giants : RHP Ronnie Sims
Batting: LHB Rick Lancellotti 0-0: Ball
1-0: Ground out 5-3 (Groundball, 56S, EV 82.5 MPH)
Batting: LHB Jon Matlack 0-0: Ball
1-0: Ball
2-0: Called Strike
2-1: Called Strike
2-2: Strikes out swinging
Batting: RHB Andy Ramirez 0-0: Called Strike
0-1: Foul Ball, location: 2F
0-2: Ball
1-2: Ball
2-2: Strikes out swinging
Bottom of the 4th over - 0 runs, 0 hits, 0 errors, 0 left on base; San Francisco 2 - Philadelphia 5
TOP OF THE 5TH
San Francisco Giants batting - Pitching for Philadelphia Phillies : LHP Jon Matlack
Batting: RHB Dickie Thon 0-0: Ground out 6-3 (Groundball, 6, EV 98.1 MPH)
Batting: RHB Ronnie Sims 0-0: Ground out 6-3 (Groundball, 6, EV 105.0 MPH)
Batting: LHB Ken Griffey Sr 0-0: Ball
1-0: Ball
2-0: Called Strike
2-1: Called Strike
2-2: Foul Ball, location: 2F
2-2: Foul Ball, location: 2F
2-2: SINGLE (Line Drive, 6D, EV 106.3 MPH)
Batting: LHB Kevin Christensen 0-0: Ball
1-0: Called Strike
Ken Griffey Sr steals 2nd base
1-1: Foul Ball, location: 2F
1-2: Foul Ball, location: 2F
1-2: Ball
2-2: Ball
3-2: Foul Ball, location: 2F
3-2: Foul Ball, location: 2F
3-2: Foul Ball, location: 2F
3-2: Fly out, F8 (Line Drive, 8LM, EV 93.8 MPH)
Top of the 5th over - 0 runs, 1 hit, 0 errors, 1 left on base; San Francisco 2 - Philadelphia 5
BOTTOM OF THE 5TH
Philadelphia Phillies batting - Pitching for San Francisco Giants : RHP Ronnie Sims
Batting: LHB Lou Whitaker 0-0: Called Strike
0-1: Fly out, F3 (Line Drive, 3, EV 73.8 MPH)
Batting: RHB Paul Molitor 0-0: Ball
1-0: Ball
2-0: Ground out 4-3 (Groundball, 4M, EV 103.1 MPH)
Batting: LHB Ken Phelps 0-0: Ball
1-0: Ball
2-0: Called Strike
2-1: Fly out, F8 (Line Drive, 8RM, EV 101.3 MPH)
Bottom of the 5th over - 0 runs, 0 hits, 0 errors, 0 left on base; San Francisco 2 - Philadelphia 5
TOP OF THE 6TH
San Francisco Giants batting - Pitching for Philadelphia Phillies : LHP Jon Matlack
Batting: LHB Keith Hernandez 0-0: Swinging Strike
0-1: Fly out, F7 (Flyball, 7LM, EV 81.9 MPH)
Batting: RHB Phil Bailey 0-0: Foul Ball, location: 2F
0-1: Fly out, F4 (Popup, 34S, EV 73.1 MPH)
Batting: RHB Don Slaught 0-0: Ball
1-0: Foul Ball, location: 2F
1-1: Ball
2-1: Foul Ball, location: 2F
2-2: Ball
3-2: Base on Balls
Batting: RHB Kevin Howard 0-0: Ball
1-0: Swinging Strike
1-1: Called Strike
1-2: Fielders Choice at 2nd, U4 (Groundball, 4M, EV 85.0 MPH)
Top of the 6th over - 0 runs, 0 hits, 0 errors, 1 left on base; San Francisco 2 - Philadelphia 5
BOTTOM OF THE 6TH
Philadelphia Phillies batting - Pitching for San Francisco Giants : RHP Ronnie Sims
Batting: RHB Candy Maldonado 0-0: SINGLE (Line Drive, 78S, EV 91.3 MPH)
Batting: RHB Andre Dawson 0-0: Ball
1-0: Called Strike
1-1: Called Strike
1-2: Ball
Candy Maldonado steals 2nd base (no throw)
2-2: Fly out, F7 (Flyball, 78M, EV 90.0 MPH)
Batting: RHB Jody Davis 0-0: Ball
1-0: Fly out, F7 (Line Drive, 7, EV 91.9 MPH)
Runner from 2nd tags up, SAFE at 3rd with throw by LF
Batting: LHB Rick Lancellotti 0-0: Called Strike
0-1: Ball
1-1: Ball
2-1: Ball
3-1: Foul Ball, location: 2F
3-2: Fly out, F8 (Flyball, 78D, EV 96.3 MPH)
Bottom of the 6th over - 0 runs, 1 hit, 0 errors, 1 left on base; San Francisco 2 - Philadelphia 5
TOP OF THE 7TH
San Francisco Giants batting - Pitching for Philadelphia Phillies : LHP Jon Matlack
Batting: SHB Tyler O'Dell 0-0: Ball
1-0: Ball
2-0: Called Strike
2-1: Ball
3-1: Fly out, F7 (Flyball, 78D, EV 105.0 MPH)
Batting: RHB Dickie Thon 0-0: Ball
1-0: Foul Ball, location: 2F
1-1: Ball
2-1: Fly out, F8 (Flyball, 8RM, EV 80.0 MPH)
Pinch Hitting: LHB Doug Frobel 0-0: Ball
1-0: Swinging Strike
1-1: Called Strike
1-2: Ball
2-2: Ground out 6-3 (Groundball, 6, EV 104.4 MPH)
Top of the 7th over - 0 runs, 0 hits, 0 errors, 0 left on base; San Francisco 2 - Philadelphia 5
BOTTOM OF THE 7TH
Philadelphia Phillies batting - Pitching for San Francisco Giants : RHP Ronnie Sims
Pitching: RHP Wayne Twitchell
Batting: LHB Jon Matlack 0-0: Called Strike
0-1: Ball
1-1: Ball
2-1: Ball
3-1: Called Strike
3-2: Base on Balls
Batting: RHB Andy Ramirez 0-0: Foul Ball, location: 2F
0-1: Sac Bunt to 15S - play at first, batter OUT! 1-3
Jon Matlack to second
Batting: LHB Lou Whitaker 0-0: Ball
1-0: Ball
2-0: Called Strike
2-1: SINGLE (Groundball, 4D, EV 105.0 MPH)
Jon Matlack to third
Runner from 3rd tries for Home, SAFE, throw by CF to home
Batting: RHB Paul Molitor 0-0: Fly out, F8 (Line Drive, 8LD, EV 90.6 MPH)
Batting: LHB Ken Phelps 0-0: Ball
1-0: Foul Ball, location: 2F
1-1: Ball
2-1: Fielders Choice at 2nd, 4-6 (Groundball, 4MD, EV 81.3 MPH)
Bottom of the 7th over - 1 run, 1 hit, 0 errors, 1 left on base; San Francisco 2 - Philadelphia 6
TOP OF THE 8TH
San Francisco Giants batting - Pitching for Philadelphia Phillies : LHP Jon Matlack
Batting: LHB Ken Griffey Sr 0-0: SINGLE (Line Drive, 56D, EV 95.6 MPH)
Batting: LHB Kevin Christensen 0-0: Fielders Choice at 2nd, 3-6 (Groundball, 34S, EV 81.9 MPH)
Batting: LHB Keith Hernandez 0-0: Called Strike
0-1: Fly out, F8 (Flyball, 8LM, EV 96.9 MPH)
Batting: RHB Phil Bailey 0-0: Ball
1-0: Ball
2-0: Called Strike
2-1: Foul Ball, location: 2F
2-2: Ball
3-2: Foul Ball, location: 2F
3-2: Foul Ball, location: 2F
3-2: Foul Ball, location: 2F
3-2: Base on Balls
Kevin Christensen to second
Pitching: LHP Michael Morrison
Batting: RHB Don Slaught 0-0: Called Strike
0-1: Foul Ball, location: 2F
0-2: Ball
1-2: Ball
2-2: Foul Ball, location: 2F
2-2: SINGLE (Line Drive, 78S, EV 108.1 MPH)
Kevin Christensen to third
Phil Bailey to second
Runner from 3rd tries for Home, SAFE, throw by LF to home
Batting: RHB Kevin Howard 0-0: Called Strike
0-1: Ball
1-1: Swinging Strike
1-2: SINGLE (Line Drive, 9LM, EV 104.4 MPH)
Phil Bailey to third
Don Slaught to second
Runner from 3rd tries for Home, SAFE, throw by RF to home
Batting: SHB Tyler O'Dell 0-0: Swinging Strike
0-1: Ball
1-1: Swinging Strike
1-2: Strikes out swinging
Top of the 8th over - 2 runs, 3 hits, 0 errors, 2 left on base; San Francisco 4 - Philadelphia 6
BOTTOM OF THE 8TH
Philadelphia Phillies batting - Pitching for San Francisco Giants : RHP Wayne Twitchell
Batting: RHB Candy Maldonado 0-0: Called Strike
0-1: Ball
1-1: Ball
2-1: Ground out U3 (Groundball, 13, EV 86.3 MPH)
Batting: RHB Andre Dawson 0-0: Ball
1-0: Ball
2-0: Foul Ball, location: 2F
2-1: Foul Ball, location: 2F
2-2: Strikes out looking
Batting: RHB Jody Davis 0-0: Foul Ball, location: 2F
0-1: Ball
1-1: Ball
2-1: Called Strike
2-2: Strikes out looking
Bottom of the 8th over - 0 runs, 0 hits, 0 errors, 0 left on base; San Francisco 4 - Philadelphia 6
TOP OF THE 9TH
San Francisco Giants batting - Pitching for Philadelphia Phillies : LHP Michael Morrison
Batting: RHB Dickie Thon 0-0: Called Strike
0-1: Foul Ball, location: 2F
0-2: Ground out 5-3 (Groundball, 25, EV 90.6 MPH)
Pinch Hitting: SHB Larry Reynolds 0-0: Ball
1-0: Called Strike
1-1: Ball
2-1: Foul Ball, location: 2F
2-2: Ground out 5-3 (Groundball, 56S, EV 63.8 MPH)
Batting: LHB Ken Griffey Sr 0-0: SINGLE (Line Drive, 56, EV 96.3 MPH)
Batting: LHB Kevin Christensen 0-0: Ball
1-0: Ball
2-0: Ground out 4-3 (Groundball, 34, EV 101.9 MPH)
Top of the 9th over - 0 runs, 1 hit, 0 errors, 1 left on base; San Francisco 4 - Philadelphia 6
Thursday, July 30th, 2020 - OOTP Baseball 21.5 Build 71